 Dungeon Crawl Stone Soup version 0.25.1-2-g60ff931df9 (webtiles) character file.

Game seed: 4695044623791946373

280 DogServant the Ruffian (level 6, -2/78 HPs)
             Began as a Naga Transmuter on Nov 10, 2020.
             Slain by an orc warrior
             ... wielding a +0 glaive
              (4 damage)
             ... on level 6 of the Dungeon.
             The game lasted 00:04:22 (3242 turns).

DogServant the Ruffian (Naga Transmuter)            Turns: 3242, Time: 00:04:23

Health: -2/78      AC: 23    Str: 21    XL:     6   Next: 27%
Magic:  0/9        EV:  1    Int: 13    God:
Gold:   102        SH:  0    Dex: 11    Spells: 6/9 levels left

rFire    . . .     SeeInvis +     - Unarmed
rCold    . . .     Gourm    .   (no shield)
rNeg     + + +     Faith    .   (armour currently unavailable)
rPois    +         Spirit   .   (helmet currently unavailable)
rElec    .         Reflect  .   (cloak currently unavailable)
rCorr    .         Harm     .   (gloves currently unavailable)
MR       .....     NoTele   +   (no barding)
Stlth    +.........             (no amulet)
HPRegen  0.23/turn              o - +6 ring of strength
MPRegen  0.11/turn              (no ring)

@: brilliant, tree-form, hasted and slowed
A: large, see invisible, slow metabolism 1, spit poison 1, AC +2
a: Spit Poison


You were on level 6 of the Dungeon.
You were very hungry.
You were a tree.
You visited 1 branch of the dungeon, and saw 4 of its levels.

You collected 102 gold pieces.

Inventory:

Missiles
 a - 47 arrows
 m - 3 atropa-tipped darts (quivered)
Armour
 b - a +0 robe (melded)
Jewellery
 e - an uncursed ring of flight
 o - a +6 ring of strength (left branch)
Scrolls
 c - 3 scrolls of remove curse
Comestibles
 d - 3 rations


   Skills:
 - Level 2.2 Fighting
 - Level 1.5 Dodging
 + Level 5.2 Unarmed Combat
 - Level 2.0 Spellcasting
 + Level 4.1 Transmutations


You had 6 spell levels left.
You knew the following spells:

 Your Spells              Type           Power        Failure   Level  Hunger
a - Beastly Appendage     Tmut           ###...       4%          1    None
b - Sticks to Snakes      Tmut           ###.....     7%          2    None

Your spell library contained the following spells:

 Spells                   Type           Power        Failure   Level  Hunger
 Spider Form              Tmut/Pois      ##........   32%         3    None
 Ice Form                 Ice/Tmut       ##......     71%         4    None
 Blade Hands              Tmut           ###.......   77%         5    None


Dungeon Overview and Level Annotations

Branches:
Dungeon (3/15)

Altars:
Wu Jian


Innate Abilities, Weirdness & Mutations

You cannot wear boots.
((Your serpentine skin is tough. (AC +2)))
You have supernaturally acute eyesight. (SInv)
((Armour fits poorly on your strangely shaped body.))
((Your system is resistant to poisons. (rPois)))
((You cover ground very slowly.))
You have a slow metabolism.
You can spit poison.


Message History

Your ball python bites the orc warrior.
Your ball python grabs the orc warrior.
Your ball python constricts the orc warrior.
Casting: Sticks to Snakes (safe; 7% risk of failure)
Confirm with . or Enter, or press ? or * to list all spells.
You feel a surge of power!
You create a snake!
You now have 47 arrows.
Your adder bites the orc warrior but does no damage.
Your ball python bites the orc warrior but does no damage.
Your ball python constricts the orc warrior.
Your adder bites the orc warrior but does no damage.
The orc warrior hits you from afar with a +0 glaive.
* * * LOW HITPOINT WARNING * * *
You cannot move.
Your ball python bites the orc warrior but does no damage.
Your ball python constricts the orc warrior.
Your adder bites the orc warrior but does no damage.
Your adder closely misses the crimson imp.
Your ball python bites the orc warrior but does no damage.
Your ball python constricts the orc warrior.
The orc warrior hits you from afar with a +0 glaive.
You die...

# ## .# ####.
#.####
....###.....#
#.S§§§§...
#.§§§S§####
#.§5♣SS§..#
#.§§##o##.#
#....§§ o#
..#.... .. .
##.#. .. #.#.
.. # #. . ##


You could see an orc warrior (poisoned), a crimson imp, 2 friendly adders and 2
friendly ball pythons.

Vanquished Creatures
  An orc warrior (D:6)
  2 orc wizards (D:6)
  An iguana (D:6)
  A hound skeleton (D:6)
  An adder (D:2)
  An ooze (D:2)
  A worm (D:2)
  5 dart slugs
  A leopard gecko (D:2)
  2 giant cockroaches
  12 goblins
  9 hobgoblins
  8 jackals
  11 kobolds
  A ball python (D:2)
  9 bats
  3 frilled lizards (D:2)
  6 rats
75 creatures vanquished.

Vanquished Creatures (collateral kills)
  A bullfrog skeleton (D:6)
1 creature vanquished.

Grand Total: 76 creatures vanquished

Notes
Turn   | Place    | Note
-------+----------+-------------------------------------------
     0 | D:1      | DogServant the Naga Transmuter began the quest for the Orb.
     0 | D:1      | Reached XP level 1. HP: 18/18 MP: 3/3
   478 | D:1      | Reached XP level 2. HP: 16/25 MP: 5/5
  1041 | D:1      | Reached XP level 3. HP: 13/32 MP: 6/6
  1721 | D:2      | Found an ornate altar of the Wu Jian Council.
  2039 | D:2      | Learned a level 2 spell: Sticks to Snakes
  2141 | D:2      | Reached XP level 4. HP: 36/39 MP: 5/7
  2142 | D:2      | Reached skill level 4 in Unarmed Combat
  3209 | D:3      | You fall into a shaft and drop 3 floors!
  3210 | D:6      | Noticed an orc warrior
  3223 | D:6      | Killed an orc warrior
  3223 | D:6      | Reached XP level 5. HP: 27/45 MP: 8/8
  3223 | D:6      | Noticed an orc warrior
  3230 | D:6      | Reached skill level 5 in Unarmed Combat
  3230 | D:6      | Reached XP level 6. HP: 31/52 MP: 4/9
  3240 | D:6      | HP: 1/78 [orc warrior/+0 glaive (4)]
  3242 | D:6      | Slain by an orc warrior

Illustrated notes

Levels and vault maps discovered:
D:1:      dpeg_arrival_round_a, layout_basic
D:2:      layout_basic, marbit_many_paths, minmay_joined_circles
D:3:      minmay_bubble_buster, layout_loops_ring, palyth_stone_intersect,
          uniq_natasha, uniq_ijyb
D:6:      layout_rooms, nicolae_overflow_crystal_walls

Skill      XL: |  1  2  3  4  5  6 |
---------------+-------------------+-----
Fighting       | 2 |  2.2
Unarmed Combat | 4 5 |  5.2
Transmutations | 3 4 |  4.1
Dodging        | |  1.5
Spellcasting   | |  2.0

Action                   |  1- 3 |  4- 6 || total
-------------------------+-------+-------++-------
Melee: Unarmed           |   113 |    83 ||   196
       Punch             |     1 |     2 ||     3
       Headbutt          |     6 |    12 ||    18
Throw: Dart              |       |     3 ||     3
 Cast: Beastly Appendage |    14 |     9 ||    23
       Sticks to Snakes  |       |     6 ||     6
 Abil: Spit Poison       |    13 |    11 ||    24
  Use: Scroll            |       |     4 ||     4
       Potion            |       |     4 ||     4
 Stab: Sleeping          |     1 |       ||     1
  Eat: Chunk             |     3 |     3 ||     6
Armor: Robe              |    26 |    13 ||    39
       Skin              |       |    50 ||    50
Dodge: Dodged            |    81 |    46 ||   127
